 Dungeon Crawl Stone Soup version 0.19.4-8-ga85b6b9 (webtiles) character file.

43 empire the Conjurer (level 3, -7/19 HPs)
             Began as a Deep Elf Conjurer on Feb 10, 2017.
             Killed from afar by an orc wizard (10 damage)
             ... with a magic dart
             ... on level 3 of the Dungeon.
             The game lasted 00:02:26 (1299 turns).

empire the Conjurer (Deep Elf Conjurer)             Turns: 1299, Time: 00:02:27

Health: -7/19      AC:  3    Str:  5    XL:     3   Next: 37%
Magic:  9/9        EV: 13    Int: 20    God:
Gold:   28         SH:  0    Dex: 15    Spells: 1 memorised, 7 levels left

rFire  . . .     SeeInvis .     (no weapon)
rCold  . . .     Gourm    .     a - +0 robe
rNeg   . . .     Faith    .     (no shield)
rPois  +         Spirit   .     (no helmet)
rElec  .         Reflect  .     e - +0 cloak
rCorr  .         Harm     .     (no gloves)
MR     .....                    (no boots)
Stlth  ++........               (no amulet)
                                (no ring)
                                h - ring of poison resistance

@: no status effects
A: no striking features
a: no special abilities


You were on level 3 of the Dungeon.
You were not hungry.

You visited 1 branch of the dungeon, and saw 3 of its levels.

You collected 28 gold pieces.

Inventory:

Armour
 a - a +0 robe (worn)
 e - a +0 cloak (worn)
Jewellery
 h - a ring of poison resistance (left hand)
Scrolls
 g - a scroll of identify {unknown}
 i - 2 scrolls of amnesia {unknown}
 j - a scroll of enchant weapon {unknown}
 l - a scroll of fog {unknown}
 n - a scroll of teleportation {unknown}
 p - a scroll of remove curse {unknown}
Potions
 d - a potion of cancellation {unknown}
 f - 2 potions of curing {unknown}
 k - a potion of agility {unknown}
 m - a potion of invisibility {unknown}
Books
 b - a book of Conjurations

   Spells                             Type                      Level
   a - Magic Dart                     Conjuration                  1
   b - Searing Ray                    Conjuration                  2
   c - Dazzling Spray                 Conjuration/Hexes            3
   d - Fulminant Prism                Conjuration/Hexes            4
   e - Iskenderun's Mystic Blast      Conjuration                  4
   f - Iskenderun's Battlesphere      Conjuration/Charms           5
Comestibles
 c - 3 bread rations
 o - a beef jerky


   Skills:
 - Level 2.4 Dodging
 - Level 2.4 Stealth
 - Level 3.0 Spellcasting
 + Level 5.7 Conjurations


You had 7 spell levels left.
You knew the following spells:

 Your Spells              Type           Power        Failure   Level  Hunger
a - Magic Dart            Conj           ####         1%          1    None


Dungeon Overview and Level Annotations

Branches:
Dungeon (3/15)

Altars:


Message History

You hear a bark!
You hear a shout!
The jackal barks!
The adder closely misses you.
The orc wizard gestures wildly while chanting.
The orc wizard blinks!
The orc throws a tomahawk.
The tomahawk hits you. The orc wizard hits you with a dagger.
The adder hisses angrily.
You hear a shout!
A hobgoblin comes into view. It is wielding a club.
The hobgoblin shouts!
You hear a shout!
Found 18 sling bullets.
Found a stone staircase leading down.
A jackal and a goblin come into view.
There is a stone staircase leading up here.
You see here a tomahawk.
The adder bites you.
The orc priest looks encouraged for a moment.
The orc hits you with a club!
* * * LOW HITPOINT WARNING * * *
The orc wizard gestures at you while chanting.
The magic dart hits you!
Ouch! That really hurt!
You die...

### #.........
..#. #........#
#>ยง.##........#
..........K...#
...............
#.oo......#..
#....gS.h...#
#..oo@hh.#
#o..o....#
#........(.g.#
#.o...S....#...
..#..........#.
g ######..#w#.
....# # .#.#.


You could see a worm, an orc priest, 2 orc wizards, 2 adders, 4 orcs, 3 jackals,
a hobgoblin, 2 goblins and a kobold.

Vanquished Creatures
  An adder (D:2)
  An ooze (D:1)
  3 dart slugs (D:1)
  A leopard gecko (D:1)
  2 giant cockroaches
  2 goblins (D:1)
  5 hobgoblins
  2 bats (D:1)
  3 kobolds (D:1)
  3 rats
23 creatures vanquished.

Notes
Turn   | Place    | Note
-------+----------+-------------------------------------------
     0 | D:1      | empire the Deep Elf Conjurer began the quest for the Orb.
     0 | D:1      | Reached XP level 1. HP: 10/10 MP: 6/6
   348 | D:1      | Reached XP level 2. HP: 12/15 MP: 4/8
   351 | D:1      | Reached skill level 5 in Conjurations
   997 | D:1      | Reached XP level 3. HP: 19/19 MP: 3/9
  1299 | D:3      | Killed from afar by an orc wizard

Skill      XL: |  1  2 |
---------------+-------+-----
Conjurations   | 5 |  5.7
Dodging        | |  2.4
Stealth        | |  2.4
Spellcasting   | |  3.0

Action                   || total
-------------------------++-------
 Cast: Magic Dart        ||    54
  Eat: Chunk             ||     1
Armor: Robe              ||     4
Dodge: Dodged            ||    12
